 Seeded DCSS version 0.28-a0-620-g539b0f7ac7 (webtiles) character file.

Game seed: 2028981007 (custom seed)

3715 a11behringer the Basher (level 9, -29/65 (67) HPs)
             Began as a Palentonga Berserker on Oct 7, 2021.
             Was a Believer of Trog.
             Killed from afar by a gnoll (31 damage)
             ... with a bolt of acid
             ... on level 7 of the Dungeon.
             The game lasted 00:28:03 (6398 turns).

a11behringer the Basher (Palentonga Berserker)      Turns: 6398, Time: 00:28:04

HP:   -29/65 (67)   AC: 13    Str: 20    XL:     9   Next: 91%
MP:   9/9           EV: 10    Int:  7    God:    Trog [**....]
Gold: 242           SH:  0    Dex: 14    Spells: 8/8 levels left

rFire   . . .      SeeInvis +   h - +2 whip (venom)
rCold   . . .      Faith    .   (no shield)
rNeg    . . .      Spirit   .   C - +1 steam dragon scales
rPois   +          Reflect  .   (no helmet)
rElec   .          Harm     .   (no cloak)
rCorr   .          Rampage  .   (no gloves)
Will    .....                   (no barding)
Stlth   +.........              o - amulet of regeneration
HPRegen 1.20/turn               q - ring of poison resistance
MPRegen 0.11/turn               (no ring)

@: lightly drained, curled up
A: large, rugged brown scales 3, see invisible, deformed body, roll 1, armoured
tail, reflexive curl
a: Rolling Charge, Renounce Religion, Berserk, Trog's Hand


You were on level 7 of the Dungeon.
You worshipped Trog.
Trog was pleased with you.
You visited 1 branch of the dungeon, and saw 7 of its levels.

You collected 242 gold pieces.

Inventory:

Hand Weapons
 a - a +0 mace
 e - a +0 hunting sling
 h - a +2 whip of venom (weapon)
 n - a +2 mace of protection
 u - a +3 morningstar
 v - a +2 hunting sling of flaming
 w - a +0 dire flail of protection
 E - a +0 whip of flaming
 F - a +0 great mace
Missiles
 f - 105 sling bullets
 g - 40 poisoned darts
 t - 11 bolts
Armour
 b - a +1 animal skin
 C - +1 steam dragon scales (worn)
Jewellery
 o - an amulet of regeneration (around neck)
 q - a ring of poison resistance (left hand)
 x - an amulet of reflection
 y - an amulet of the acrobat
Wands
 k - a wand of mindburst (14)
 A - a wand of flame (16)
 B - a wand of charming (6)
 D - a wand of paralysis (3)
Scrolls
 j - a scroll of blinking
 p - 2 scrolls of teleportation
 z - a scroll of identify
Potions
 c - 3 potions of curing
 d - 4 potions of degeneration
 i - a potion of brilliance {unknown}
 l - a potion of flight {unknown}
 m - 2 potions of lignification
 r - a potion of mutation {unknown}
 s - a potion of berserk rage {unknown}


   Skills:
 - Level 3.0 Fighting
 * Level 14.3 Maces & Flails
 - Level 1.5 Armour
 - Level 1.5 Dodging


You had 8 spell levels left.
You didn't know any spells.
Your spell library was empty.

Dungeon Overview and Level Annotations

Branches:
Dungeon (7/15)             Temple (0/1) D:4

Altars:
Dithmenos
Kikubaaqudgha
Vehumet

Shops:
D:5 (*!::

Annotations:
D:7 1 transporter, AttackTheMoon's ghost, novice VSFi


Innate Abilities, Weirdness & Mutations

You are completely covered in rugged brown scales. (AC +3, +7% HP)
You have supernaturally acute eyesight. (SInv)
Armour fits poorly on your strangely shaped body.
You can roll at nearby foes to attack.
You have a long armoured tail.
You curl defensively after being hit.


Message History

The gnoll hits the plant with a +2 halberd of pain!
The gnoll barely misses you.
You rip the net and break free!
You feel sick.
A nearby plant withers and dies.
The gnoll sergeant hits you from afar with a +0 trident of chaos!
The gnoll hits you from afar with a +2 halberd of venom!
You feel sick.
The gnoll hits you from afar with a +0 spear.
The gnoll sergeant hits you with a +0 trident of chaos.
The gnoll sergeant closely misses you.
You hit the gnoll sergeant.
The gnoll sergeant is poisoned.
The gnoll sergeant is lightly wounded.
The gnoll misses you. The gnoll sergeant closely misses you.
Found a transporter.
You feel sick.
The gnoll shaman shouts!
The gnoll hits you with a +0 spear.
The gnoll sergeant hits you with a +0 trident!
* * * LOW HITPOINT WARNING * * *
The gnoll sergeant barely misses you.
There is an open translucent door, spattered with blood here.
You closely miss the gnoll.
Your skin stops crawling.
You feel less strong-willed.
You feel sick.
You are no longer poisoned.
You hit the gnoll but do no damage.
The gnoll is poisoned.
The gnoll shaman calls upon its god to heal the gnoll.
The gnoll's wounds heal themselves!
The gnoll hits you but does no damage.
The gnoll sergeant hits you with a +0 trident of chaos!
* * * LOW HITPOINT WARNING * * *
You feel drained.
* * * LOW HITPOINT WARNING * * *
The gnoll sergeant hits you with a +0 trident.
* * * LOW HITPOINT WARNING * * *
The gnoll sergeant closely misses you.
Unknown command.
AttackTheMoon's ghost (novice Vine Stalker Fighter) comes into view.
Found 13 gold pieces.
AttackTheMoon's ghost turns its malevolent gaze towards you.
The gnoll shaman calls down the wrath of its god upon you.
You easily resist.
The gnoll zaps a wand.
The bolt of acid hits you!!
You die...

#..≈≈#..#8###8#g.#≈≈.#
#..≈≈#8.###g###.8#≈≈.#
#..≈≈#...........#≈≈.#
##.≈≈###.##'##g###≈≈.#
####.≈≈..#.# $W#.#..≈≈.###
.....≈≈.##.# .#.##.≈≈...
##.#.≈≈.#g.# #.©#.≈≈.# #
#.#.≈≈.##g#####.##.≈≈.#.#
##.#.≈≈..#.#8⌠8#@#.....#.###
#..#.≈≈.©#.')©g'g#©........#
#.##.≈≈..#.#P..#g#.....#.#.#
.)...≈≈.##.##g##g##.≈≈.#.#.#
#(##.≈≈.#g.#.g.#..#.≈≈.#<#.###
#.##.≈≈.##.'...'.##.≈≈........
#.##.≈≈..#.#...#.#..≈≈.#.#.###
#....≈≈###.##'##.###≈≈.#.#.#
#.#..≈≈#...........#≈≈.....##


You could see 3 gnoll sergeants, a gnoll shaman, AttackTheMoon's ghost and 3
gnolls.

Vanquished Creatures
  A two-headed ogre (D:7)
  Pikel (D:6)
  Maggie (D:6)
  Grinder (D:5)
  A water moccasin (D:6)
  Duvessa (D:6)
  2 black bears
  A sky beast (D:5)
  An ice beast (D:5)
  2 necrophages (D:6)
  2 ogres
  A centaur (D:6)
  2 lemures (D:6)
  A phantom (D:6)
  A scorpion (D:6)
  Dowan (D:6)
  6 killer bees (D:5)
  2 howler monkeys (D:4)
  2 bullfrog zombies (D:6)
  2 orc priests (D:5)
  2 jellies
  3 hounds
  A centaur skeleton (D:4)
  3 iguanas
  3 orc wizards
  A killer bee zombie (D:4)
  A hound skeleton (D:4)
  A gnoll (D:7)
  A howler monkey skeleton (D:6)
  3 adders (D:5)
  3 ufetubi
  11 dart slugs
  17 orcs
  2 bats (D:1)
  4 endoplasms
  2 giant cockroaches
  5 goblins
  3 hobgoblins
  3 jackals (D:2)
  4 kobolds
  A quokka (D:4)
  7 ball pythons
  3 frilled lizards
  A quokka skeleton (D:4)
  7 rats
124 creatures vanquished.

Vanquished Creatures (others)
  An orc wizard (D:3)
  5 plants (D:7)
6 creatures vanquished.

Grand Total: 130 creatures vanquished

Notes
Turn   | Place    | Note
-------+----------+-------------------------------------------
     0 | D:1      | a11behringer the Palentonga Berserker began the quest for
                  | the Orb.
     0 | D:1      | Reached XP level 1. HP: 19/19 MP: 1/1
   353 | D:1      | Reached XP level 2. HP: 22/25 MP: 2/2
   968 | D:2      | Reached skill level 4 in Maces & Flails
  1349 | D:2      | Reached XP level 3. HP: 21/31 MP: 3/3
  1958 | D:3      | Reached skill level 5 in Maces & Flails
  1958 | D:3      | Reached XP level 4. HP: 15/37 MP: 4/4
  2496 | D:3      | Reached ** piety under Trog
  3125 | D:4      | Identified the +0 cloak "Weniabic" {Harm Rampage rF+ Str-5}
  3161 | D:4      | Found a staircase to the Ecumenical Temple.
  3184 | D:4      | Found a shadowy altar of Dithmenos.
  3215 | D:4      | Reached XP level 5. HP: 34/43 MP: 5/5
  3230 | D:4      | Reached skill level 6 in Maces & Flails
  3783 | D:4      | Reached XP level 6. HP: 44/50 MP: 6/6
  3918 | D:5      | Entered Level 5 of the Dungeon
  3925 | D:5      | Reached skill level 7 in Maces & Flails
  3965 | D:5      | Found Ubrator's Book Emporium.
  4089 | D:5      | Found Irphanen's Assorted Antiques.
  4113 | D:5      | Reached skill level 8 in Maces & Flails
  4113 | D:5      | Gained mutation: You curl defensively after being hit.
                  | [Palentonga growth]
  4113 | D:5      | Reached XP level 7. HP: 38/55 MP: 7/7
  4156 | D:5      | Reached skill level 9 in Maces & Flails
  4175 | D:5      | Found Bitsil's Book Shoppe.
  4412 | D:5      | Noticed Grinder
  4413 | D:5      | Paralysed by Grinder for 4 turns
  4422 | D:5      | Paralysed by Grinder for 6 turns
  4439 | D:5      | Killed Grinder
  4440 | D:5      | Reached skill level 10 in Maces & Flails
  4440 | D:5      | Reached XP level 8. HP: 62/62 MP: 8/8
  4479 | D:5      | Found Hani's Distillery.
  4496 | D:5      | Found Bezxa's Weapon Shoppe.
  4566 | D:5      | Found a radiant altar of Vehumet.
  4840 | D:6      | Found an ancient bone altar of Kikubaaqudgha.
  4856 | D:6      | Noticed Dowan
  4885 | D:6      | Noticed Duvessa
  4897 | D:6      | Killed Duvessa
  4898 | D:6      | Reached skill level 11 in Maces & Flails
  4911 | D:6      | Killed Dowan
  5310 | D:6      | Reached skill level 12 in Maces & Flails
  5354 | D:6      | Reached XP level 9. HP: 52/67 MP: 9/9
  5584 | D:6      | Noticed Maggie
  5593 | D:6      | Killed Maggie
  5629 | D:6      | Noticed Pikel
  5645 | D:6      | Killed Pikel
  5646 | D:6      | Reached skill level 13 in Maces & Flails
  6315 | D:7      | Noticed a two-headed ogre
  6323 | D:7      | Killed a two-headed ogre
  6324 | D:7      | Reached skill level 14 in Maces & Flails
  6372 | D:7      | Found a transporter.
  6380 | D:7      | Identified the +1 ring mail of Wataiss {+Blink MP-9 Str+5}
  6395 | D:7      | Found a transporter.
  6395 | D:7      | Identified the amulet "Noott" {Faith -Tele Int+4 Slay+5
                  | SInv}
  6397 | D:7      | HP: 1/65 [gnoll sergeant (6)]
  6398 | D:7      | Noticed AttackTheMoon's ghost (novice VSFi)
  6398 | D:7      | Killed from afar by a gnoll

Illustrated notes

Levels and vault maps discovered:
D:1:      kennysheep_arrival_forest, layout_basic, serial_forest,
          infiniplex_forest_lined_2, infiniplex_forest_corner_1,
          infiniplex_forest_clump_double, infiniplex_forest_straight_3,
          infiniplex_forest_lined_1, infiniplex_forest_clump_double,
          dk_noncrumbling_4
D:2:      layout_basic
D:3:      layout_loops_corners
D:4:      layout_cave_pools, nicolae_dithmenos_the_darkroom, temple_doors_e
D:5:      kennysheep_slugbush, layout_cave_pools, kennysheep_little_box,
          serial_shops, shop, shop, nicolae_shop_behind_doors,
          nicolae_shop_waterfront, shop, nrook_pool_corridor, nrook_mini_vaults,
          chequers_serial_rivers_micro_a, item_on_display_a, uniq_grinder
D:6:      layout_basic, nicolae_overflow_hidden_temple, uniq_pikel,
          uniq_duvessa, uniq_maggie
D:7:      layout_loops_corners, nicolae_overflow_crystal_walls,
          gammafunk_ghost_gnarly_gnolls, serial_shops, nicolae_shop_waterfront,
          enter_bailey_2, serial_park_tiny_1, hangedman_decor_riveting

Skill      XL: |  1  2  3  4  5  6  7  8  9 |
---------------+----------------------------+-----
Maces & Flails | 4 5 6 8 10 12 14 | 14.3
Fighting       | |  3.0
Armour         | |  1.5
Dodging        | |  1.5

Action                   |  1- 3 |  4- 6 |  7- 9 || total
-------------------------+-------+-------+-------++-------
Melee: Mace              |    96 |       |       ||    96
       Tailslap          |     6 |    14 |    35 ||    55
       Whip              |       |   114 |   222 ||   336
Invok: Berserk           |       |     4 |     4 ||     8
       Trog's Hand       |       |     3 |     6 ||     9
  Use: Scroll            |     3 |     1 |    10 ||    14
       Potion            |       |       |     2 ||     2
 Stab: Sleeping          |     2 |     3 |       ||     5
       Confused          |     1 |       |       ||     1
Armor: Animal skin       |    36 |    36 |    47 ||   119
       Steam dragon scal |       |       |     6 ||     6
Dodge: Dodged            |    51 |    52 |   101 ||   204

Table legend: (Time is in decaauts)
 A = Elapsed time spent in this place.
 B = Non-inter-level travel time spent in this place.
 C = Inter-level travel time spent in this place.
 D = Time resting spent in this place.
 E = Time spent auto-exploring this place.
 F = Levels seen in this place.
 G = Mean time per level.
                   A        B        C        D        E       F      G
               +--------+--------+--------+--------+--------+-----+--------+
         Total |   6385 |   4866 |   1519 |      0 |   3964 |   7 |  912.1 |
       Dungeon |   6385 |   4866 |   1519 |      0 |   3964 |   7 |  912.1 |
               +--------+--------+--------+--------+--------+-----+--------+

Top non-repeatable levels by time:
     D:6: 1328 daAuts
     D:3: 1238 daAuts
     D:1: 943 daAuts
     D:2: 933 daAuts
     D:5: 927 daAuts
     D:4: 834 daAuts
     D:7: 180 daAuts
